 Dungeon Crawl Stone Soup version 0.29.1-13-g9f3cf754e1 (webtiles) character file.

Game seed: 1035692509725978042

48 bubby the Grave Robber (level 3, -8/24 HPs)
             Began as a Mummy Necromancer on Jan 29, 2023.
             Killed from afar by Sigmund (18 damage)
             ... with a puff of flame
             ... on level 2 of the Dungeon.
             The game lasted 00:05:18 (1274 turns).

bubby the Grave Robber (Mummy Necromancer)          Turns: 1274, Time: 00:05:19

Health: -8/24      AC:  2    Str: 11    XL:     3   Next: 50%
Magic:  5/8        EV: 12    Int: 16    God:
Gold:   44         SH:  0    Dex: 12    Spells: 8/9 levels left

rFire   x . .      SeeInvis .   b - +0 dagger
rCold   + . .      Faith    .   (no shield)
rNeg    + + +      Spirit   .   a - +0 robe
rPois   ∞          Reflect  .   (no helmet)
rElec   .          Harm     .   (no cloak)
rCorr   .          Rampage  .   (no gloves)
Will    .....                   (no boots)
Stlth   +.........              (no amulet)
HPRegen 0.08/turn               (no ring)
MPRegen 0.11/turn               (no ring)

@: confused
A: cold resistance 1, negative energy resistance 3, torment resistance 2, heat
vulnerability 1, in touch with death 1, no potions
a: no special abilities


You were on level 2 of the Dungeon.
You visited 1 branch of the dungeon, and saw 2 of its levels.

You collected 44 gold pieces.

Inventory:

Hand Weapons
 b - a +0 dagger (weapon)
Armour
 a - a +0 robe (worn)
 g - a +2 scale mail of poison resistance
Magical Staves
 f - a staff of poison
Scrolls
 c - a scroll of teleportation {unknown}
 d - a scroll of fear {unknown}
 e - 3 scrolls of identify {unknown}
 h - a scroll of torment {unknown}


   Skills:
 - Level 1.5 Dodging
 + Level 2.2 Stealth
 + Level 3.6 Spellcasting
 + Level 4.5 Necromancy


You had 8 spell levels left.
You knew the following spells:

 Your Spells              Type           Power      Damage    Failure   Level
a - Necrotise             Necr           100%       1d9       2%          1

Your spell library contained the following spells:

 Spells                   Type           Power      Damage    Failure   Level
 Vampiric Draining        Necr           26%        2d7       9%          3
 Freeze                   Ice            8%         1d3       19%         1
 Animate Dead             Necr           26%        N/A       26%         4
 Frozen Ramparts          Ice            4%         1d1       47%         3
 Agony                    Necr           26%        N/A       58%         5
 Hailstorm                Conj/Ice       2%         3d3       87%         4


Dungeon Overview and Level Annotations

Branches:
Dungeon (2/15)

Altars:

Annotations:
D:2 Sigmund


Innate Abilities, Weirdness & Mutations

You are immune to poison.
Your flesh is cold resistant. (rC+)
You are immune to negative energy. (rN+++)
You are immune to unholy pain and torment.
You are vulnerable to heat. (rF-)
You are in touch with the powers of death.
You do not drink.


Message History

Your bat skeleton completely misses Sigmund.
Your bat skeleton closely misses Sigmund.
Sigmund casts a spell at you. The magic dart hits you.
Your bat skeleton hits Sigmund but does no damage.
Casting: Necrotise (safe; 2% risk of failure)
Confirm with . or Enter, or press ? or * to list all spells.
Aiming: Necrotise (safe; 2% risk of failure)
Press: ? - help, Shift-Dir - straight line, f - Sigmund
Aim: Sigmund, wielding a +0 scythe and wearing a +0 robe (spells empowered, ally target, chance to affect: 88%)
Okay, then.
Found a stone staircase leading down.
Your bat skeleton hits Sigmund but does no damage.
Your bat skeleton misses Sigmund.
Sigmund mumbles some strange words.
Sigmund flickers and vanishes!
Deactivating autopickup; reactivate with Ctrl-A.
Your hobgoblin skeleton misses something.
Your bat skeleton barely resists.
Your hobgoblin skeleton hits something but does no damage.
You hear some strange, mumbled words.
Your bat skeleton barely resists.
Something hits you!
Your bat skeleton crumbles into dust!
A puff of flame appears from out of thin air!
The puff of flame hits your bat skeleton!
Your bat skeleton is destroyed!
You hear some strange, mumbled words.
You are confused.
Something hits your hobgoblin skeleton!
Your hobgoblin skeleton is destroyed!
Are you sure you want to stumble around while confused and next to your goblin skeleton? [Y]es or [N]o only, please.
Are you sure you want to stumble around while confused and next to your goblin skeleton?
Uppercase [Y]es or [N]o only, please.
Are you sure you want to stumble around while confused and next to your goblin skeleton?
A puff of flame appears from out of thin air!
The puff of flame hits you!! The fire burns you terribly!
Ouch! That really hurt!
You die...

#.######..........#.#
#!######......#.....#
#.............#...#######.# ..
+.............#...........# ..
#..................########
..##..................########
.................#<..........#
...####...#......#...........#
...............Z@............#
##...............#.....#####.#
#...........{#####.####
####.###..............
..............#####.##.
####.##.....[.# #.# #
#...##.....#.# #.#
..............# #.
......)....#..#


You could see a friendly goblin skeleton.

Vanquished Creatures
  2 dart slugs (D:1)
  5 endoplasms (D:1)
  2 giant cockroaches
  3 goblins
  6 hobgoblins
  A quokka (D:1)
  4 ball pythons
  4 bats
  A frilled lizard (D:1)
  5 kobolds (D:1)
  5 rats (D:1)
38 creatures vanquished.

Vanquished Creatures (collateral kills)
  A bat (D:1)
  A kobold (D:1)
2 creatures vanquished.

Grand Total: 40 creatures vanquished

Notes
Turn   | Place    | Note
-------+----------+-------------------------------------------
     0 | D:1      | bubby the Mummy Necromancer began the quest for the Orb.
     0 | D:1      | Reached XP level 1. HP: 13/13 MP: 4/4
   175 | D:1      | Reached XP level 2. HP: 19/19 MP: 3/6
   643 | D:1      | Gained mutation: You are in touch with the powers of death.
                  | [Mummy growth]
   643 | D:1      | Reached XP level 3. HP: 24/24 MP: 4/7
  1250 | D:2      | Noticed Sigmund
  1274 | D:2      | Killed from afar by Sigmund

Illustrated notes

Levels and vault maps discovered:
D:1:      amcnicky_arrival_gap_in_the_tavern_cellar, layout_loops_ring,
          minmay_heptomino_w4
D:2:      layout_basic, serial_shops, nicolae_shop_behind_doors, uniq_terence,
          uniq_sigmund

Skill      XL: |  1  2 |
---------------+-------+-----
Spellcasting   | 3 |  3.6
Stealth        | 2 |  2.2
Dodging        | |  1.5
Necromancy     | |  4.5

Action                   || total
-------------------------++-------
Melee: Dagger            ||     5
 Cast: Necrotise         ||    58
Armor: Robe              ||     6
Dodge: Dodged            ||    15
